 Dungeon Crawl Stone Soup version 0.31-a0-175-g9f7f995f2b (webtiles) character file.

Game seed: 17787282364095123770

105 qw the Shooter (level 4, -2/42 HPs)
             Began as a Naga Hunter on June 17, 2023.
             Frozen to death by an endoplasm (4 damage)
             ... on level 3 of the Dungeon.
             The game lasted 00:00:53 (2464 turns).

qw the Shooter (Naga Hunter)                        Turns: 2464, Time: 00:00:53

Health: -2/42      AC:  2    Str: 10 (13) XL:     4   Next: 83%
Magic:  4/4        EV:  9    Int:  8 (10) God:
Gold:   222        SH:  0    Dex: 16      Spells: 3/3 levels left

rFire   . . .        Y - +1 shortbow
rCold   . . .        (shield currently unavailable)
rNeg    . . .        c - +0 leather armour
rPois   +            (no helmet)
rElec   .            (no cloak)
rCorr   .            (no gloves)
SInv    +            (no barding)
Will    +....        (no amulet)
Stlth   ++           (no ring)
HPRegen 0.27/turn    (no ring)
MPRegen 0.09/turn

%: no passive effects
@: brilliant, short of breath, enlightened, flying, very slow
A: AC +1, large, see invisible, deformed body, poison resistance, slowness 2,
spit poison 1, naga tail 1
a: Spit Poison


You were on level 3 of the Dungeon.
You visited 1 branch of the dungeon, and saw 4 of its levels.

You collected 222 gold pieces.


Innate Abilities, Weirdness & Mutations

Your serpentine skin is tough. (AC +1)
You have supernaturally acute eyesight. (SInv)
Armour fits poorly on your strangely shaped body.
Your system is resistant to poisons. (rPois)
You cover ground very slowly.
You can spit poison.
You have a snake-like lower body.


   Skills:
 - Level 3.0 Fighting
 + Level 5.0 Ranged Weapons
 - Level 1.5 Dodging
 - Level 1.5 Stealth


You had 3 spell levels left.
You didn't know any spells.
Your spell library was empty.

Inventory:

Hand Weapons
 Y - a +1 shortbow (weapon)
Armour
 c - a +0 leather armour (worn)
Scrolls
 a - a scroll of identify
Potions
 b - a potion of enlightenment
 d - a potion of curing

Dungeon Overview and Level Annotations

Branches:
Dungeon (4/15)
 Temple: D:4-7

Altars:

Shops:
D:2 :


Message History

You kill the ball python!
You shoot an arrow. The arrow hits the gnoll.
The gnoll is moderately wounded.
The gnoll hits you with a +0 club.
You shoot an arrow.
The arrow hits the gnoll but does no damage.
The gnoll is moderately wounded.
The gnoll hits you with a +0 club!
2458 ||| STAIRDANCE The endoplasm freezes you.
You are frozen.
The gnoll barely misses you.
You fly upwards.
You have got your breath back.
There is a stone staircase leading down here.
2460 ||| INVOKING Spit Poison.
Aiming: Spit Poison (1% risk of failure)
Press: ? - help, Shift-Dir - straight line, f - gnoll The splash of poison hits the gnoll.
The gnoll is severely wounded.
The gnoll hits you with a +0 club. The endoplasm freezes you.
You are frozen.
You shoot an arrow. The arrow hits the gnoll.
The gnoll is almost dead.
The gnoll hits you with a +0 club. The endoplasm barely misses you.
You shoot an arrow. The arrow closely misses the gnoll.
The gnoll hits you with a +0 club. The endoplasm freezes you.
You are frozen.
You shoot an arrow. The arrow barely misses the gnoll.
You have got your breath back.
The gnoll hits you with a +0 club. The endoplasm hits you.
2464 ||| INVOKING Spit Poison.
Aiming: Spit Poison (1% risk of failure)
Press: ? - help, Shift-Dir - straight line, f/p - gnoll The splash of poison hits the gnoll!
The gnoll is poisoned.
You kill the gnoll!
The endoplasm freezes you.
You are frozen.
You die...

#.#......#.....##.## #.####
#####........#.........# #....#
.......................# #.##.#
#############..........###.##.###
......................###..##.#..
#############.##########.<###.#.#
.......# #............## #.#.#
.....#.# ###.)........####.#.#
.....#.#########@.............#.#
(....#.#########J........######.#
######.#########.........# #.#
#####.....#####.........# #.#
#####.....########......######.#
#####..........................#
#####....#.#............########
#####..!##.##.......#####
#####....###..#.#...#


You could see an endoplasm.

Vanquished Creatures
  2 gnolls (D:3)
  2 adders
  2 worms (D:2)
  An orc (D:3)
  2 endoplasms (D:3)
  7 giant cockroaches
  8 goblins
  5 hobgoblins
  8 kobolds
  3 quokkas
  6 ball pythons
  9 bats
  6 frilled lizards
  8 rats
69 creatures vanquished.

Notes
Turn   | Place    | Note
-------+----------+-------------------------------------------
     0 | D:1      | qw the Naga Hunter began the quest for the Orb.
     0 | D:1      | Reached XP level 1. HP: 19/19 MP: 1/1
     0 | D:1      | 0 ||| qw: Version: 0.3-a-2-g5ab2908
     0 | D:1      | 0 ||| qw: Game counter: 128
     0 | D:1      | 0 ||| qw: Always use a shield: true
     0 | D:1      | 0 ||| qw: God list: Okawaru
     0 | D:1      | 0 ||| qw: Allow faded altars: false
     0 | D:1      | 0 ||| qw: Do Orc after D:15 true
     0 | D:1      | 0 ||| qw: Do second Lair branch before Depths: true
     0 | D:1      | 0 ||| qw: Lair rune preference: random
     0 | D:1      | 0 ||| qw: Plans: Normal
     0 | D:1      | 0 ||| PLANNING D:1-11
    65 | D:1      | 65 ||| INVOKING Spit Poison.
    91 | D:1      | 91 ||| INVOKING Spit Poison.
   104 | D:1      | 104 ||| INVOKING Spit Poison.
   107 | D:1      | 107 ||| INVOKING Spit Poison.
   144 | D:1      | 144 ||| INVOKING Spit Poison.
   149 | D:1      | 149 ||| INVOKING Spit Poison.
   151 | D:1      | Reached skill level 4 in Ranged Weapons
   151 | D:1      | Reached XP level 2. HP: 19/26 MP: 2/2
   152 | D:1      | 152 ||| INVOKING Spit Poison.
   258 | D:1      | 258 ||| INVOKING Spit Poison.
   288 | D:1      | 288 ||| INVOKING Spit Poison.
   359 | D:1      | 359 ||| INVOKING Spit Poison.
   363 | D:1      | 363 ||| INVOKING Spit Poison.
   386 | D:1      | 386 ||| INVOKING Spit Poison.
   406 | D:1      | 406 ||| INVOKING Spit Poison.
   440 | D:1      | 440 ||| INVOKING Spit Poison.
   512 | D:1      | 512 ||| INVOKING Spit Poison.
   538 | D:1      | 538 ||| INVOKING Spit Poison.
   544 | D:1      | 544 ||| INVOKING Spit Poison.
   548 | D:1      | 548 ||| INVOKING Spit Poison.
   551 | D:1      | 551 ||| INVOKING Spit Poison.
   554 | D:1      | 554 ||| INVOKING Spit Poison.
   557 | D:1      | Reached XP level 3. HP: 32/32 MP: 3/3
   588 | D:1      | 588 ||| INVOKING Spit Poison.
   609 | D:1      | 609 ||| INVOKING Spit Poison.
   616 | D:1      | 616 ||| INVOKING Spit Poison.
   661 | D:1      | 661 ||| INVOKING Spit Poison.
   734 | D:1      | 734 ||| READING scroll labelled XIHATU KEOST.
   735 | D:1      | 735 ||| READING scroll labelled MUONIGG VASSESKO.
   736 | D:1      | 736 ||| READING scroll labelled NUNKUAQ NIANG.
   737 | D:1      | 737 ||| READING scroll labelled FAHEUKH MAHUF.
   738 | D:1      | 738 ||| READING scroll labelled GONAJITHROFF.
   743 | D:1      | 743 ||| READING 2 scrolls labelled GADGHE OGYBBOYPS.
   744 | D:1      | 744 ||| DRINKING 2 silvery potions.
   745 | D:1      | 745 ||| DROPPING scroll of butterflies.
   746 | D:1      | 746 ||| DROPPING potion of degeneration.
   747 | D:1      | 747 ||| DROPPING scroll of amnesia.
   805 | D:2      | 805 ||| INVOKING Spit Poison.
   846 | D:2      | 846 ||| INVOKING Spit Poison.
   851 | D:2      | 851 ||| INVOKING Spit Poison.
   874 | D:2      | 874 ||| INVOKING Spit Poison.
   878 | D:2      | 878 ||| INVOKING Spit Poison.
   884 | D:2      | 884 ||| INVOKING Spit Poison.
  1080 | D:2      | 1080 ||| INVOKING Spit Poison.
  1086 | D:2      | 1086 ||| INVOKING Spit Poison.
  1089 | D:2      | 1089 ||| INVOKING Spit Poison.
  1099 | D:2      | 1099 ||| INVOKING Spit Poison.
  1155 | D:2      | 1155 ||| INVOKING Spit Poison.
  1169 | D:2      | 1169 ||| INVOKING Spit Poison.
  1176 | D:2      | 1176 ||| INVOKING Spit Poison.
  1240 | D:2      | Reached skill level 5 in Ranged Weapons
  1240 | D:2      | Reached XP level 4. HP: 39/39 MP: 4/4
  1251 | D:2      | Found Seif's Book Shop.
  1386 | D:2      | 1386 ||| INVOKING Spit Poison.
  1531 | D:2      | 1531 ||| INVOKING Spit Poison.
  1589 | D:2      | 1589 ||| READING scroll labelled CAFOATS UTUI.
  1590 | D:2      | 1590 ||| READING scroll labelled GEIQUY BAWAETH.
  1609 | D:3      | 1609 ||| INVOKING Spit Poison.
  1658 | D:3      | 1658 ||| INVOKING Spit Poison.
  1665 | D:3      | 1665 ||| INVOKING Spit Poison.
  1674 | D:3      | 1674 ||| INVOKING Spit Poison.
  1709 | D:3      | 1709 ||| INVOKING Spit Poison.
  1804 | D:3      | 1804 ||| INVOKING Spit Poison.
  1999 | D:3      | 1999 ||| INVOKING Spit Poison.
  2004 | D:3      | 2004 ||| INVOKING Spit Poison.
  2007 | D:3      | Reached skill level 3 in Fighting
  2145 | D:3      | 2145 ||| INVOKING Spit Poison.
  2149 | D:3      | 2149 ||| INVOKING Spit Poison.
  2432 | D:3      | 2432 ||| READING scroll labelled ZATUITZAYBB.
  2433 | D:3      | 2433 ||| DRINKING 2 fuming orange potions.
  2434 | D:3      | 2434 ||| DRINKING 2 clear potions.
  2435 | D:3      | 2435 ||| READING 2 scrolls of identify.
  2435 | D:3      | 2435 ||| IDENTIFYING orange potion
  2436 | D:3      | 2436 ||| DROPPING potion of brilliance.
  2454 | D:4      | 2454 ||| INVOKING Spit Poison.
  2458 | D:4      | 2458 ||| STAIRDANCE
  2460 | D:3      | 2460 ||| INVOKING Spit Poison.
  2462 | D:3      | HP: 9/42 [gnoll/+0 club (5)]
  2463 | D:3      | HP: 4/42 [gnoll/+0 club (4)]
  2464 | D:3      | 2464 ||| INVOKING Spit Poison.
  2464 | D:3      | Frozen to death by an endoplasm

Levels and vault maps discovered:
D:1:      kilobyte_arrival_exit_the_forest, layout_basic,
          wander_ebering_terrifying_dragon_lair
D:2:      kennysheep_the_goblin_king, layout_basic, serial_shops,
          nicolae_book_shop_shelving
D:3:      layout_basic, minmay_between
D:4:      layout_loops_ring, mainiacjoe_overflow_large_starburst,
          serial_park_tiny_2, st_stairs_9, uniq_ijyb, uniq_blork_the_orc

Skill      XL: |  1  2  3  4 |
---------------+-------------+-----
Ranged Weapons | 4 5 |  5.0
Fighting       | 3 |  3.0
Dodging        | |  1.5
Stealth        | |  1.5

Action                     |  1- 3 |  4- 6 || total
---------------------------+-------+-------++-------
   Fire: Shortbow          |    88 |    33 ||   121
Ability: Spit Poison       |    37 |    15 ||    52
    Use: Scroll            |     6 |     4 ||    10
         Potion            |     1 |     2 ||     3
 Armour: Leather armour    |    14 |     5 ||    19
  Dodge: Dodged            |    17 |     9 ||    26

Table legend:
 A = Non-vault XP
 B = Vault XP
 C = Vault XP percentage of total XP
 D = Non-vault monster count
 E = Vault monster count
 F = Vault count percentage of total count
                 A         B        C        D         E       F
            +---------+---------+-------+---------+---------+-------
      Total |     118 |      48 |  28.9 |      57 |      12 |  17.4
            +---------+---------+-------+---------+---------+-------
        D:1 |      37 |       1 |   2.6 |      25 |       1 |   3.8
        D:2 |      46 |      14 |  23.3 |      17 |       7 |  29.2
        D:3 |      35 |      31 |  47.0 |      15 |       3 |  16.7
        D:4 |       0 |       2 | 100.0 |       0 |       1 | 100.0
            +---------+---------+-------+---------+---------+-------
